 Dungeon Crawl Stone Soup version 0.23.0 (webtiles) character file.

Game seed: 6111781454520955712

14672 nuthulu the Cleaver (level 12, -3/103 HPs)
             Began as a Formicid Fighter on Feb 16, 2019.
             Was a High Priest of Okawaru.
             Slain by a nine-headed hydra (8 damage)
             ... on level 2 of the Lair of Beasts.
             The game lasted 00:24:18 (13823 turns).

nuthulu the Cleaver (Formicid Fighter)             Turns: 13823, Time: 00:24:19

Health: -3/103     AC: 14    Str: 23    XL:     12   Next: 48%
Magic:  0/12       EV:  4    Int:  8    God:    Okawaru [*****.]
Gold:   548        SH: 15    Dex: 13    Spells: 11/11 levels left

rFire    . . .     SeeInvis +   a - +3 war axe
rCold    . . .     Gourm    .   i - +5 shield
rNeg     . . .     Faith    .   C - +0 plate armour
rPois    .         Spirit   +   (helmet unavailable)
rElec    .         Reflect  .   y - +2 cloak {MR+}
rCorr    .         Harm     .   (no gloves)
MR       ++...                  (no boots)
Stlth    ..........             j - amulet of guardian spirit
HPRegen  0.27/turn              (no ring)
MPRegen  0.13/turn              (no ring)

@: no status effects
A: permanent stasis, dig shafts and tunnels, four strong arms, antennae 3
a: Dig, Shaft Self, Heroism, Finesse, Renounce Religion


You were on level 2 of the Lair of Beasts.
You worshipped Okawaru.
Okawaru was extremely pleased with you.
You were not hungry.

You visited 2 branches of the dungeon, and saw 12 of its levels.
You also visited: Sewer.

You collected 834 gold pieces.
You spent 286 gold pieces at shops.

Inventory:

Hand Weapons
 a - a +3 war axe (weapon)
Missiles
 m - a throwing net (quivered)
Armour
 i - a +5 shield (worn)
 y - a +2 cloak of magic resistance (worn)
 C - a +0 plate armour (worn)
Jewellery
 j - an amulet of guardian spirit (around neck)
Wands
 d - a wand of polymorph (13)
 r - a wand of flame (14)
 t - a wand of enslavement (6)
 v - a wand of iceblast (9)
 x - a wand of random effects (27)
 E - a wand of paralysis (1)
Scrolls
 c - 3 scrolls of fear
 k - 2 scrolls of fog
 o - 5 scrolls of remove curse
 u - 3 scrolls of magic mapping
 z - a scroll of holy word
 B - 2 scrolls of identify
 D - 2 scrolls of amnesia
Potions
 b - 4 potions of resistance
 e - 3 potions of magic
 g - 3 potions of invisibility
 h - 4 potions of flight
 l - 3 potions of haste
 p - 2 potions of cancellation
 q - 3 potions of curing
 s - a potion of ambrosia
 w - 2 potions of might
 A - a potion of agility
 F - a potion of lignification
 G - a potion of brilliance
Comestibles
 f - 14 rations


   Skills:
 + Level 12.9 Fighting
 * Level 14.9 Axes
 - Level 3.2 Armour
 - Level 3.6 Shields


You had 11 spell levels left.
You didn't know any spells.
Your spell library contained the following spells:

 Spells                   Type           Power        Failure   Level  Hunger
 Corona                   Hex            #......      100%        1    ##.....
 Magic Dart               Conj           #...         100%        1    ##.....
 Call Imp                 Summ           #.......     100%        2    ###....
 Slow                     Hex            #.......     100%        2    ###....
 Conjure Flame            Conj/Fire      #.......     100%        3    ####...
 Inner Flame              Hex/Fire       #.......     100%        3    ####...
 Mephitic Cloud           Conj/Pois/Air  #.......     100%        3    ####...
 Portal Projectile        Hex/Tloc       #.....       100%        3    ####...
 Cause Fear               Hex            #.........   100%        4    #####..
 Leda's Liquefaction      Hex/Erth       #.........   100%        4    #####..
 Blink                    Tloc           Unusable     N/A         2    N/A

Dungeon Overview and Level Annotations

Branches:
Dungeon (10/15)            Temple (0/1) D:6            Lair (2/6) D:10
  Snake (0/4) Lair:2          Orc (0/2) D:10
  Swamp: Lair:2-4    Shoals: Lair:2-4

Altars:
Cheibriados
Fedhas
Gozag
Okawaru
Qazlal
Sif Muna
Trog
Vehumet
Wu Jian
Zin
The Shining One

Shops:
D:5 :   D:7 !:[[[

Annotations:
D:9 2 transporters, Uhlv's ghost, novice MiBe
Lair:1 exclusion: oklob plant


Innate Abilities, Weirdness & Mutations

You cannot be hasted, slowed, berserked, paralysed or teleported.
You can dig through walls and to a lower floor.
Your four strong arms can wield two-handed weapons with a shield.
You have a pair of large antennae on your head. (SInv)


Message History

The yak bellows!
You hear a bellow!
A yak comes into view.
You see here a potion of flight. 2 yaks come into view.
The yak bellows! x2
Found a ration.
Found 22 gold pieces.
You block the nine-headed hydra's attack.
The nine-headed hydra bites you.
* * * LOW HITPOINT WARNING * * *
The nine-headed hydra bites you!
* * * LOW HITPOINT WARNING * * *
The nine-headed hydra bites you.
* * * LOW HITPOINT WARNING * * *
The nine-headed hydra bites you but does no damage.
The nine-headed hydra bites you.
* * * LOW HITPOINT WARNING * * *
The nine-headed hydra bites you but does no damage. x2
The nine-headed hydra bites you!
You die...

.... #...PP.......##
...###...#.......P#
.................##
..................#
.................##
..........###....#
....##...## ....##
.!.#.##.#######...#
....###..##.....@.##
....###..##...YD...##
{.........#Y........#
P#P.#..............##
######..........$..#
#............##
##.##.....%..#
###..........#
#####.#.P###


You could see a nine-headed hydra and 2 yaks.

Vanquished Creatures
  Erolcha (D:8)
  Fannar (Lair:1)
  An unseen horror (D:9)
  The ghost of Monsterracer the Slicer, a novice KoCK of Xom (D:6)
  An ugly thing (D:10)
  Joseph (D:7)
  Maurice (D:9)
  4 spiny frogs
  2 komodo dragons
  2 hippogriffs
  2 hornets
  Sigmund (D:3)
  9 yaks
  Eustachio (D:5)
  2 basilisks (Lair:1)
  2 hungry ghosts
  Edmund (D:4)
  2 water moccasins
  4 porcupines
  2 ice beasts
  5 orc warriors
  2 phantoms
  4 ogres
  3 wolves (D:9)
  5 centaurs
  15 crocodiles
  A big kobold (D:10)
  8 bullfrogs
  A wyvern skeleton (D:9)
  5 wights (D:9)
  A scorpion (D:8)
  5 killer bees (D:7)
  A howler monkey (D:7)
  2 electric eels
  A centaur zombie (D:4)
  3 jellies
  A gnoll shaman (D:4)
  A quasit (D:9)
  7 orc priests
  4 hounds
  A bullfrog skeleton (D:9)
  2 centaur skeletons
  7 iguanas
  Ijyb (D:5)
  5 orc wizards
  6 worker ants
  A bullfrog simulacrum (D:9)
  A centaur simulacrum (D:9)
  A hound zombie (D:5)
  A mummy (D:4)
  A hound skeleton (D:8)
  A howler monkey zombie (D:5)
  A worker ant zombie (D:10)
  9 gnolls
  12 adders
  2 shadow imps
  A white imp (D:9)
  An ufetubus (D:9)
  An ooze (D:7)
  An adder zombie (D:9)
  An adder skeleton (D:8)
  5 worms
  An adder simulacrum (D:9)
  3 dart slugs
  15 leopard geckos
  53 orcs
  A giant cockroach (D:4)
  11 goblins
  12 hobgoblins
  3 quokkas
  2 ball pythons
  10 bats
  11 frilled lizards
  A hobgoblin zombie (D:4)
  17 kobolds
  A kobold zombie (D:4)
  2 orc zombies (D:4)
  5 rats
  4 plants (D:10)
330 creatures vanquished.

Vanquished Creatures (others)
  A fungus (Lair:1)
  2 plants (Lair:1)
3 creatures vanquished.

Grand Total: 333 creatures vanquished

Notes
Turn   | Place    | Note
-------+----------+-------------------------------------------
     0 | D:1      | nuthulu the Formicid Fighter began the quest for the Orb.
     0 | D:1      | Reached XP level 1. HP: 18/18 MP: 1/1
   119 | D:1      | Reached XP level 2. HP: 24/24 MP: 2/2
   348 | D:1      | Reached XP level 3. HP: 29/30 MP: 3/3
   958 | D:2      | Found an opulent altar of Gozag.
   984 | D:2      | Reached skill level 3 in Axes
  1139 | D:2      | Reached XP level 4. HP: 37/37 MP: 4/4
  1816 | D:3      | Noticed Sigmund
  1875 | D:3      | Killed Sigmund
  1875 | D:3      | Reached skill level 5 in Fighting
  1875 | D:3      | Reached skill level 4 in Axes
  1875 | D:3      | Reached XP level 5. HP: 30/44 MP: 5/5
  1875 | D:3      | Reached XP level 6. HP: 35/51 MP: 6/6
  2286 | D:3      | Reached skill level 5 in Axes
  2289 | D:3      | Reached XP level 7. HP: 58/58 MP: 7/7
  2338 | D:3      | Found a snail-covered altar of Cheibriados.
  2482 | D:3      | Found an ornate altar of the Wu Jian Council.
  2543 | D:3      | Found a blossoming altar of Fedhas.
  2620 | D:4      | Found an iron altar of Okawaru.
  2628 | D:4      | Became a worshipper of Warmaster Okawaru
  3030 | D:4      | Found a stormy altar of Qazlal.
  3297 | D:4      | Noticed Edmund
  3322 | D:4      | Killed Edmund
  3322 | D:4      | Reached * piety under Okawaru
  3322 | D:4      | Reached skill level 6 in Axes
  3322 | D:4      | Reached XP level 8. HP: 40/67 MP: 8/8
  3720 | D:4      | Found a deep blue altar of Sif Muna.
  3913 | D:5      | Entered Level 5 of the Dungeon
  4028 | D:5      | Found Beicsit's Book Emporium.
  4078 | D:5      | Noticed Eustachio
  4101 | D:5      | Killed Eustachio
  4101 | D:5      | Reached skill level 7 in Axes
  4310 | D:5      | Found a bloodstained altar of Trog.
  4328 | D:5      | Noticed Ijyb
  4345 | D:5      | Killed Ijyb
  4708 | D:6      | Found a glowing drain.
  4728 | Sewer    | Entered a sewer
  4799 | Sewer    | Reached ** piety under Okawaru
  4799 | Sewer    | Reached skill level 8 in Axes
  4799 | Sewer    | Reached XP level 9. HP: 63/75 MP: 6/9
  4957 | D:6      | Found a staircase to the Ecumenical Temple.
  5012 | D:6      | Found a runed translucent door.
  5022 | D:6      | Noticed Monsterracer's ghost (novice KoCK)
  5047 | D:6      | Killed Monsterracer's ghost
  5047 | D:6      | Reached skill level 9 in Axes
  5263 | D:6      | Found a glowing golden altar of the Shining One.
  5374 | D:6      | Reached *** piety under Okawaru
  5599 | D:7      | Found Bayn's Book Emporium.
  5668 | D:7      | Found Kaut Facu's Distillery.
  5673 | D:7      | Bought a potion of curing for 36 gold pieces
  5673 | D:7      | Bought a potion of curing for 36 gold pieces
  5739 | D:7      | Found Jifax's Armour Shoppe.
  5746 | D:7      | Bought a +1 cloak of magic resistance for 214 gold pieces
  5842 | D:7      | Reached skill level 10 in Axes
  5845 | D:7      | Found Alumemiz's Armour Shoppe.
  6055 | D:7      | Noticed Joseph
  6072 | D:7      | Killed Joseph
  6072 | D:7      | Reached XP level 10. HP: 54/85 MP: 7/10
  6251 | D:7      | Found a radiant altar of Vehumet.
  6300 | D:7      | Found Neoseosm's Armour Shop.
  6331 | D:7      | Reached **** piety under Okawaru
  6333 | D:7      | Reached skill level 10 in Fighting
  6821 | D:8      | Reached skill level 11 in Axes
  7386 | D:8      | Received a gift from Okawaru
  8198 | D:9      | Noticed Erolcha
  8198 | D:9      | Noticed Maurice
  8247 | D:8      | Killed Erolcha
  8247 | D:8      | Reached ***** piety under Okawaru
  8247 | D:8      | Reached skill level 12 in Axes
  8247 | D:8      | Reached XP level 11. HP: 40/93 MP: 4/11
  8463 | D:9      | Noticed an unseen horror
  8471 | D:9      | Killed an unseen horror
  8899 | D:9      | Noticed a brown ugly thing
  8944 | D:10     | Entered Level 10 of the Dungeon
  9345 | D:10     | Killed a brown ugly thing
  9345 | D:10     | Received a gift from Okawaru
  9345 | D:10     | Reached skill level 13 in Axes
  9645 | D:9      | Found a transporter.
  9647 | D:9      | Noticed Uhlv's ghost (novice MiBe)
  9651 | D:9      | Noticed a moth of wrath
  9802 | D:9      | Found a transporter.
  9823 | D:9      | Killed Maurice
  9949 | D:10     | Found a staircase to the Orcish Mines.
 10280 | D:10     | Found a staircase to the Lair.
 10537 | Lair:1   | Entered Level 1 of the Lair of Beasts
 11764 | Lair:1   | Found a glowing silver altar of Zin.
 11765 | Lair:1   | Noticed an oklob plant
 11829 | Lair:1   | Identified a scroll of acquirement
 11838 | Lair:1   | Noticed Fannar
 11884 | Lair:2   | Reached skill level 14 in Axes
 11884 | Lair:2   | Reached XP level 12. HP: 87/102 MP: 10/12
 12358 | Lair:2   | Noticed a catoblepas
 12379 | Lair:2   | Received a gift from Okawaru
 13435 | Lair:1   | Killed Fannar
 13562 | Lair:2   | Found a staircase to the Snake Pit.
 13794 | Lair:2   | Noticed an eight-headed hydra
 13823 | Lair:2   | HP: 5/103 [nine-headed hydra (5)]
 13823 | Lair:2   | Slain by a nine-headed hydra

Skill      XL: |  1  2  3  4  5  6  7  8  9 10 11 |
---------------+----------------------------------+-----
Fighting       | 4 5 6 7 8 9 11 12 | 12.9
Axes           | 3 4 5 6 8 10 12 14 | 14.9
Armour         | |  3.2
Shields        | |  3.6

Action                   |  1- 3 |  4- 6 |  7- 9 | 10-12 || total
-------------------------+-------+-------+-------+-------++-------
Melee: War axe           |    86 |    64 |   296 |   679 ||  1125
Invok: Heroism           |       |       |     1 |     4 ||     5
 Abil: Dig               |     5 |       |       |     2 ||     7
Evoke: Wand              |       |       |       |     1 ||     1
  Use: Scroll            |     8 |    10 |     8 |     9 ||    35
       Potion            |       |     1 |       |     2 ||     3
 Stab: Distracted        |       |       |       |     1 ||     1
  Eat: Chunk             |     1 |     1 |    12 |    10 ||    24
       Ration            |       |     1 |       |     8 ||     9
Armor: Scale mail        |    34 |    35 |    27 |       ||    96
       Skin              |       |     5 |       |       ||     5
       Chain mail        |       |       |    76 |    62 ||   138
       Plate armour      |       |       |       |   155 ||   155
Dodge: Dodged            |    28 |    29 |    56 |    82 ||   195
Block: Shield            |    59 |    49 |   212 |   400 ||   720
